[ AOE2 MATCH · #506414290 ]
UnrankedMongols vs Mongols
Player's team · WIN
Rival team · LOSS
[ REPLAY ANALYSIS · EXTRACTED FROM THE RECORDED GAME ]
Feudal
10:48
Castle
—
Imperial
—
| APM avg | 53.1 |
| APM peak | 96 |
| eAPM avg | 21.0 |
| Villagers / military | 53 / 20 |
Focus
⚔️ 43.0% · 🌾 57.0%
Archer ×9 · Militia ×5 · Scout Cavalry ×4 · Skirmisher ×2
Feudal
10:59
Castle
14:57
Imperial
—
| APM avg | 50.8 |
| APM peak | 116 |
| eAPM avg | 27.7 |
| Villagers / military | 35 / 21 |
Focus
⚔️ 36.8% · 🌾 63.2%
Scorpion ×17 · Battering Ram ×4
Match map
Initial resources + every placement click. Lines = walls · curves = elevation contours. ◆ gold · ⬟ stone · ● berries · ✦ relic · ◌ wall gap
Your base· Open — unwalled flank
YT Jian Hei菜雞號's base· Open — unwalled flank
Smoothed initial terrain · ◌ = detected wall gap · hover for details
Inputs per minute
— Fs.Jubileu - - YT Jian Hei菜雞號
Build order — Fs.Jubileu
130 actions detected in the replay
| 0:00 | Create | Villager (Male) |
| 0:00 | Create | Villager (Male) |
| 0:00 | Create | Villager (Male) |
| 0:00 | Create | Villager (Male) |
| 0:00 | Create | Villager (Male) |
| 0:00 | Create | Villager (Male) |
| 0:00 | Create | Villager (Male) |
| 0:00 | Create | Villager (Male) |
| 0:00 | Create | Villager (Male) |
| 0:00 | Create | Villager (Male) |
| 0:02 | Build | House |
| 0:03 | Build | House |
| 1:30 | Create | Villager (Male) |
| 1:30 | Create | Villager (Male) |
| 2:02 | Create | Villager (Male) |
| 2:23 | Create | Villager (Male) |
| 2:37 | Build | Barracks |
| 2:43 | Create | Villager (Male) |
| 2:44 | Create | Villager (Male) |
| 2:51 | Build | House |
| 3:13 | Create | Villager (Male) |
| 3:38 | Create | Militia |
| 3:39 | Create | Militia |
| 3:40 | Build | House |
| 3:57 | Create | Villager (Male) |
| 4:15 | Create | Villager (Male) |
| 4:17 | Create | Militia |
| 4:38 | Create | Villager (Male) |
| 4:41 | Build | House |
| 4:58 | Create | Villager (Male) |
| 5:18 | Create | Villager (Male) |
| 5:43 | Create | Villager (Male) |
| 6:08 | Create | Villager (Male) |
| 6:35 | Create | Villager (Male) |
| 7:04 | Create | Villager (Male) |
| 7:30 | Create | Villager (Male) |
| 7:40 | Build | Lumber Camp |
| 8:13 | Research | Loom |
| 8:22 | Research | Feudal Age |
| 8:22 | Research | Feudal Age |
| 8:28 | Create | Militia |
| 8:38 | Build | House |
| 9:23 | Build | Mill |
| 9:57 | Create | Militia |
| 10:28 | Create | Villager (Male) |
| 10:48 | Age | Feudal Age |
| 10:53 | Create | Villager (Male) |
| 10:56 | Build | Archery Range |
| 11:09 | Research | Man-at-Arms (upgrade) |
| 11:09 | Research | Man-at-Arms (upgrade) |
| 11:10 | Research | Double-Bit Axe |
| 11:14 | Create | Villager (Male) |
| 11:20 | Build | Mining Camp |
| 11:35 | Create | Villager (Male) |
| 11:52 | Build | House |
| 11:57 | Create | Villager (Male) |
| 11:58 | Create | Skirmisher |
| 11:58 | Create | Skirmisher |
| 12:11 | Build | Farm |
| 12:13 | Build | Farm |
| 12:35 | Create | Villager (Male) |
| 12:44 | Create | Archer |
| 12:46 | Create | Villager (Male) |
| 12:50 | Build | Mill |
| 12:57 | Create | Archer |
| 12:58 | Create | Villager (Male) |
| 13:06 | Build | House |
| 13:13 | Create | Villager (Male) |
| 13:20 | Build | Farm |
| 13:26 | Build | Palisade Wall |
| 13:31 | Build | Palisade Wall |
| 13:36 | Create | Villager (Male) |
| 13:42 | Create | Archer |
| 13:43 | Create | Villager (Male) |
| 13:47 | Build | House |
| 14:25 | Create | Villager (Male) |
| 14:27 | Build | Farm |
| 14:30 | Create | Archer |
| 14:33 | Build | House |
| 14:35 | Build | Palisade Wall |
| 14:35 | Build | Palisade Wall |
| 14:35 | Build | Palisade Wall |
| 14:41 | Research | Arson |
| 14:42 | Research | Arson |
| 14:54 | Create | Villager (Male) |
| 15:00 | Build | Blacksmith |
| 15:14 | Create | Villager (Male) |
| 15:27 | Create | Villager (Male) |
| 15:38 | Create | Villager (Male) |
| 15:44 | Research | Fletching |
| 15:44 | Research | Fletching |
| 15:45 | Create | Archer |
| 15:47 | Build | House |
| 16:02 | Create | Villager (Male) |
| 16:04 | Build | Lumber Camp |
| 16:08 | Build | Farm |
| 16:38 | Create | Villager (Male) |
| 16:45 | Build | Farm |
| 16:47 | Build | Farm |
| 16:49 | Build | House |
| 17:07 | Build | House |
| 17:09 | Create | Villager (Male) |
| 17:17 | Create | Archer |
| 17:22 | Build | Farm |
| 17:24 | Build | House |
| 17:26 | Build | Stone Wall |
| 17:31 | Create | Archer |
| 17:38 | Build | Stable |
| 17:46 | Research | Town Watch |
| 18:07 | Create | Villager (Male) |
| 18:14 | Build | Watch Tower |
| 18:19 | Create | Scout Cavalry |
| 18:19 | Create | Scout Cavalry |
| 18:22 | Research | Forging |
| 18:24 | Create | Archer |
| 18:26 | Create | Villager (Male) |
| 18:29 | Build | Stable |
| 18:40 | Build | Mining Camp |
| 18:40 | Create | Villager (Male) |
| 18:44 | Create | Archer |
| 18:49 | Create | Villager (Male) |
| 19:24 | Create | Scout Cavalry |
| 19:24 | Create | Scout Cavalry |
| 19:25 | Build | House |
| 19:31 | Build | Farm |
| 19:32 | Build | Farm |
| 19:49 | Create | Villager (Male) |
| 20:10 | Create | Villager (Male) |
| 20:30 | Create | Villager (Male) |
| 20:37 | Build | Farm |
Build order — YT Jian Hei菜雞號
100 actions detected in the replay
| 0:00 | Create | Villager (Male) |
| 0:00 | Create | Villager (Male) |
| 0:02 | Build | House |
| 0:02 | Build | House |
| 0:05 | Create | Villager (Male) |
| 0:06 | Create | Villager (Male) |
| 0:06 | Create | Villager (Male) |
| 1:36 | Create | Villager (Male) |
| 1:36 | Create | Villager (Male) |
| 1:53 | Create | Villager (Male) |
| 1:53 | Create | Villager (Male) |
| 1:59 | Create | Villager (Male) |
| 1:59 | Create | Villager (Male) |
| 2:15 | Create | Villager (Male) |
| 2:16 | Create | Villager (Male) |
| 2:38 | Build | Mill |
| 2:45 | Create | Villager (Male) |
| 2:45 | Create | Villager (Male) |
| 3:03 | Create | Villager (Male) |
| 3:03 | Create | Villager (Male) |
| 3:30 | Create | Villager (Male) |
| 3:30 | Create | Villager (Male) |
| 3:37 | Create | Villager (Male) |
| 3:37 | Create | Villager (Male) |
| 3:51 | Build | House |
| 4:20 | Create | Villager (Male) |
| 4:21 | Create | Villager (Male) |
| 4:21 | Create | Villager (Male) |
| 4:21 | Create | Villager (Male) |
| 4:34 | Build | House |
| 5:09 | Build | Lumber Camp |
| 5:10 | Create | Villager (Male) |
| 5:10 | Create | Villager (Male) |
| 5:10 | Create | Villager (Male) |
| 5:18 | Research | Loom |
| 5:41 | Build | House |
| 6:42 | Create | Villager (Male) |
| 7:34 | Create | Villager (Male) |
| 7:42 | Create | Villager (Male) |
| 7:53 | Build | Mill |
| 7:59 | Create | Villager (Male) |
| 8:35 | Research | Feudal Age |
| 8:36 | Research | Feudal Age |
| 8:36 | Research | Feudal Age |
| 9:03 | Build | Mill |
| 9:23 | Create | Villager (Male) |
| 9:23 | Create | Villager (Male) |
| 9:32 | Build | Palisade Wall |
| 9:34 | Build | Palisade Gate |
| 9:42 | Build | Palisade Gate |
| 10:05 | Build | Palisade Wall |
| 10:08 | Build | Palisade Wall |
| 10:58 | Build | Palisade Wall |
| 10:59 | Age | Feudal Age |
| 11:04 | Build | Palisade Wall |
| 11:07 | Build | Market |
| 11:08 | Build | Blacksmith |
| 11:20 | Build | Palisade Wall |
| 11:22 | Build | Palisade Wall |
| 11:49 | Build | Palisade Wall |
| 12:04 | Build | Palisade Wall |
| 12:12 | Build | Mining Camp |
| 12:16 | Build | Palisade Wall |
| 12:17 | Research | Castle Age |
| 12:17 | Research | Castle Age |
| 12:17 | Research | Castle Age |
| 12:20 | Build | Palisade Wall |
| 12:24 | Build | Palisade Wall |
| 12:32 | Build | Palisade Wall |
| 13:41 | Build | Palisade Wall |
| 13:43 | Build | Palisade Wall |
| 13:55 | Create | Villager (Male) |
| 14:00 | Build | House |
| 14:25 | Research | Double-Bit Axe |
| 14:25 | Research | Double-Bit Axe |
| 14:57 | Age | Castle Age |
| 15:00 | Build | Siege Workshop |
| 15:07 | Build | Siege Workshop |
| 15:33 | Create | Scorpion |
| 15:46 | Create | Scorpion |
| 15:46 | Create | Scorpion |
| 16:47 | Create | Scorpion |
| 16:47 | Create | Scorpion |
| 16:48 | Create | Scorpion |
| 16:57 | Build | House |
| 17:12 | Create | Scorpion |
| 17:12 | Create | Scorpion |
| 17:32 | Create | Battering Ram |
| 17:32 | Create | Battering Ram |
| 17:57 | Create | Scorpion |
| 17:58 | Create | Scorpion |
| 18:45 | Create | Battering Ram |
| 18:45 | Create | Battering Ram |
| 19:31 | Create | Scorpion |
| 19:31 | Create | Scorpion |
| 19:31 | Create | Scorpion |
| 19:59 | Create | Scorpion |
| 20:00 | Create | Scorpion |
| 20:47 | Create | Scorpion |
| 20:47 | Create | Scorpion |
Match timeline
| 2:37 | Fs.Jubileu · first_building Barracks |
| 9:32 | YT Jian Hei菜雞號 · wall_segment Palisade Wall x1 |
| 10:05 | YT Jian Hei菜雞號 · wall_segment Palisade Wall x1 |
| 10:08 | YT Jian Hei菜雞號 · wall_segment Palisade Wall x1 |
| 10:48 | Fs.Jubileu · age_up feudal |
| 10:56 | Fs.Jubileu · first_building Archery Range |
| 10:58 | YT Jian Hei菜雞號 · wall_segment Palisade Wall x1 |
| 10:59 | YT Jian Hei菜雞號 · age_up feudal |
| 11:04 | YT Jian Hei菜雞號 · wall_segment Palisade Wall x1 |
| 11:20 | YT Jian Hei菜雞號 · wall_segment Palisade Wall x3 |
| 11:22 | YT Jian Hei菜雞號 · wall_segment Palisade Wall x6 |
| 11:49 | YT Jian Hei菜雞號 · wall_segment Palisade Wall x1 |
| 12:01 | YT Jian Hei菜雞號 · first_market_sell 100 stone |
| 12:04 | YT Jian Hei菜雞號 · wall_segment Palisade Wall x3 |
| 12:16 | YT Jian Hei菜雞號 · wall_segment Palisade Wall x4 |
| 12:20 | YT Jian Hei菜雞號 · wall_segment Palisade Wall x1 |
| 12:24 | YT Jian Hei菜雞號 · wall_segment Palisade Wall x1 |
| 12:32 | YT Jian Hei菜雞號 · wall_segment Palisade Wall x1 |
| 13:26 | Fs.Jubileu · wall_segment Palisade Wall x2 |
| 13:31 | Fs.Jubileu · wall_segment Palisade Wall x13 |
| 13:41 | YT Jian Hei菜雞號 · wall_segment Palisade Wall x4 |
| 13:43 | YT Jian Hei菜雞號 · wall_segment Palisade Wall x6 |
| 14:35 | Fs.Jubileu · wall_segment Palisade Wall x1 |
| 14:35 | Fs.Jubileu · wall_segment Palisade Wall x1 |
| 14:35 | Fs.Jubileu · wall_segment Palisade Wall x1 |
| 14:57 | YT Jian Hei菜雞號 · age_up castle |
| 15:00 | YT Jian Hei菜雞號 · first_building Siege Workshop |
| 17:26 | Fs.Jubileu · wall_segment Stone Wall x1 |
| 17:38 | Fs.Jubileu · first_building Stable |
| 21:02 | YT Jian Hei菜雞號 · resign |
[ AI ANALYSIS · 1 CREDIT ]
What really happened in this match?
Wolo.gg analyzes every decision: build order, eco, micro, common mistakes by bracket. Personalized analysis on WhatsApp or Discord in 30 seconds.
Civ guide
Mongols
Perfil
Jugador #1175237